 Dungeon Crawl Stone Soup version 0.31-a0-986-g5e6e4ef867 (webtiles) character file.

Game seed: 9050758653965452422

3569 pokeman the Thaumaturge (level 9, 0/50 (51) HPs)
             Began as a Deep Elf Hedge Wizard on Nov 12, 2023.
             Was a Believer of Vehumet.
             Slain by a wight
             ... wielding a +4 halberd
              (12 damage)
             ... on level 8 of the Dungeon.
             The game lasted 00:15:14 (9361 turns).

pokeman the Thaumaturge (Deep Elf Hedge Wizard)     Turns: 9361, Time: 00:15:15

HP:   0/50 (51)     AC: 12    Str:  7    XL:     9   Next: 84%
MP:   17/28         EV: 12    Int: 24    God:    Vehumet [**....]
Gold: 348           SH:  0    Dex: 14    Spells: 24/34 levels left

rFire   + . .        r - +0 whip (elec)
rCold   . . .        (no shield)
rNeg    . . .        s - +0 leather armour "Koesejuu" {rF+}
rPois   .            i - +1 helmet
rElec   .            (no cloak)
rCorr   .            x - +0 pair of gloves
SInv    .            j - +0 pair of boots
Will    .....        (no amulet)
Stlth   ++           D - +4 ring of protection
HPRegen 0.28/turn    (no ring)
MPRegen 0.21/turn

%: no passive effects
@: lightly drained
A: no striking features
a: Renounce Religion


You were on level 8 of the Dungeon.
You worshipped Vehumet.
Vehumet was pleased with you.
You visited 1 branch of the dungeon, and saw 8 of its levels.
You also visited: Sewer.

You collected 348 gold pieces.

Inventory:

Hand Weapons
 q - a +1 dagger of flaming
 r - a +0 whip of electrocution (weapon)
Missiles
 u - a curare-tipped dart
Armour
 i - a +1 helmet (worn)
 j - a +0 pair of boots (worn)
 s - the +0 leather armour "Koesejuu" (worn) {rF+}
   (You found it on level 5 of the Dungeon)

   rF+:       It protects you from fire.
 x - a +0 pair of gloves (worn)
Jewellery
 D - a +4 ring of protection (left hand)
Wands
 b - a wand of flame (1)
 o - a wand of light (9)
 y - a wand of charming (14)
Scrolls
 a - 2 scrolls of fog {unknown}
 c - 3 scrolls of immolation {unknown}
 e - 6 scrolls of identify {unknown}
 f - 3 scrolls of blinking {unknown}
 h - a scroll of amnesia {unknown}
 k - 2 scrolls of brand weapon {unknown}
 l - a scroll of enchant weapon {unknown}
 m - 4 scrolls of teleportation {unknown}
 t - 2 scrolls of noise {unknown}
 w - 3 scrolls of fear {unknown}
 A - a scroll of vulnerability {unknown}
 B - a scroll of enchant armour {unknown}
Potions
 d - a potion of magic
 g - a potion of brilliance {unknown}
 n - 2 potions of mutation
 p - 5 potions of curing {unknown}
 v - 4 potions of enlightenment
 z - a potion of attraction {unknown}
 C - a potion of lignification {unknown}


   Skills:
 + Level 3.3 Fighting
 - Level 4.2 Armour
 - Level 3.1 Dodging
 - Level 3.0 Stealth
 * Level 13.4 Spellcasting
 + Level 7.6 Conjurations
 - Level 1.1 Summonings
 - Level 1.1 Translocations
 - Level 1.0 Air Magic
 - Level 1.0 Poison Magic
 - Level 1.0 Evocations


You had 24 spell levels left.
You knew the following spells:

 Your Spells              Type           Power      Damage    Failure   Level
a - Magic Dart            Conj           100%       1d8       1%          1
b - Mephitic Cloud        Conj/Pois/Air  31%        N/A       4%          3
c - Call Imp              Summ           42%        N/A       5%          2
d - Blink                 Tloc           42%        N/A       5%          2
e - Foxfire               Conj/Fire      100%       2x1d9     1%          1
f - Shock                 Conj/Air       100%       1d9       1%          1

Your spell library contained the following spells:

 Spells                   Type           Power      Damage    Failure   Level
 Necrotise                Necr           64%        1d7       5%          1
 Slow                     Hex            64%        N/A       5%          1
 Cigotuvi's Dreadful Rot  Necr/Pois/Air  38%        N/A       6%          2
 Vampiric Draining        Necr           16%        2d7       16%         3
 Agony                    Necr           16%        N/A       83%         5


Dungeon Overview and Level Annotations

Branches:
Dungeon (8/15)             Temple (0/1) D:7           Sewer (visited)
   Lair: D:8-11

Altars:
Dithmenos
Makhleb
Uskayaw
Vehumet
Zin

Shops:
D:5 (

Annotations:
D:3 2 runed translucent doors, arvidsem's ghost, weakling OpSh
D:8 3 runed translucent doors


Message History

Unknown command.
Casting: Foxfire (safe; 1% risk of failure)
Confirm with . or Enter, or press ? or * to list all spells.
You conjure some foxfire!
The foxfire hits the wight.
The wight is heavily damaged.
The foxfire hits the wight but does no damage.
The wight is almost destroyed.
The wight hits you but does no damage. The wight misses you.
The orc misses you.
The orc hits your foxfire with a +0 war axe!
Unknown command.
Casting: Foxfire (safe; 1% risk of failure)
Confirm with . or Enter, or press ? or * to list all spells.
You conjure some foxfire!
You feel ready to blink again.
The foxfire hits the wight.
You destroy the wight!
Vehumet accepts your kill.
You feel your power returning. The orc misses you. The wight barely misses you.
Unknown command.
Casting: Foxfire (safe; 1% risk of failure)
Confirm with . or Enter, or press ? or * to list all spells.
You conjure some foxfire!
The foxfire hits the wight but does no damage.
The wight is heavily damaged.
The foxfire hits the wight.
The wight is severely damaged.
The wight closely misses you. The orc closely misses you.
The orc misses your foxfire.
The orc hits your foxfire with a +0 war axe.
Unknown command.
Casting: Foxfire (safe; 1% risk of failure)
Confirm with . or Enter, or press ? or * to list all spells.
You conjure some foxfire!
The foxfire hits the orc.
The orc is almost dead.
The foxfire hits the wight.
The wight is severely damaged.
The orc hits you but does no damage.
The wight hits you from afar with a +4 halberd!
You die...

#.#..+ ..
#.#..#.. ###
#....## ...#
#..#.#
.[..##.>..###
...#<)...)#
.........z...#
..[...#o)v...#
.....##.@v...#
..... ########
.... ... ...


You could see a wight (ally target) and an orc.

Vanquished Creatures
  A two-headed ogre (D:6)
  A water moccasin (D:6)
  An ice beast (D:5)
  An orc warrior (D:6)
  A sky beast (D:7)
  3 ogres
  A centaur (D:5)
  A kobold brigand (D:6)
  3 bullfrogs (D:7)
  A scorpion (D:4)
  14 wights
  6 killer bees (D:7)
  A howler monkey (D:4)
  An electric eel (D:7)
  A crimson imp (D:5)
  5 hounds
  A gnoll bouda (D:7)
  2 jellies
  4 orc priests
  2 iguanas
  6 orc wizards
  3 river rats (Sewer)
  12 adders
  A shadow imp (D:5)
  A white imp (D:5)
  A worm (Sewer)
  5 dart slugs
  16 orcs
  12 bats
  7 endoplasms
  7 giant cockroaches
  7 hobgoblins
  10 jackals
  6 quokkas
  10 ball pythons
  6 frilled lizards
  6 goblins
  11 kobolds
  10 rats
188 creatures vanquished.

Vanquished Creatures (collateral kills)
  A sleepcap (D:5)
1 creature vanquished.

Vanquished Creatures (others)
  66 foxfires
66 creatures vanquished.

Grand Total: 255 creatures vanquished

Notes
Turn   | Place    | Note
-------+----------+-------------------------------------------
     0 | D:1      | pokeman the Deep Elf Hedge Wizard began the quest for the
                  | Orb.
     0 | D:1      | Reached XP level 1. HP: 10/10 MP: 7/7
   381 | D:1      | Reached XP level 2. HP: 16/16 MP: 2/9
   774 | D:1      | Reached skill level 5 in Spellcasting
  1053 | D:1      | Reached XP level 3. HP: 20/20 MP: 2/11
  1057 | D:1      | Learned a level 3 spell: Mephitic Cloud
  1060 | D:1      | Learned a level 2 spell: Call Imp
  1063 | D:1      | Learned a level 2 spell: Blink
  1836 | D:2      | Reached skill level 1 in Armour
  2191 | D:2      | Reached skill level 1 in Fighting
  2495 | D:2      | Reached XP level 4. HP: 25/25 MP: 11/13
  3202 | D:3      | Found a runed translucent door.
  3207 | D:3      | Noticed arvidsem's ghost (weakling OpSh)
  3209 | D:3      | Noticed a bullfrog
  3526 | D:3      | Found a runed translucent door.
  3901 | D:4      | Reached skill level 6 in Spellcasting
  3995 | D:4      | Reached XP level 5. HP: 23/29 MP: 8/15
  4266 | D:4      | Reached skill level 1 in Evocations
  4475 | D:4      | Reached skill level 1 in Poison Magic
  4573 | D:4      | Reached skill level 1 in Air Magic
  4606 | D:4      | Reached XP level 6. HP: 34/34 MP: 4/17
  4916 | D:5      | Entered Level 5 of the Dungeon
  4938 | D:4      | Reached skill level 7 in Spellcasting
  5208 | D:5      | Reached XP level 7. HP: 39/39 MP: 8/20
  5220 | D:5      | Reached skill level 8 in Spellcasting
  5388 | D:5      | Found Xuytash's Weapon Shop.
  5388 | D:5      | Identified the +0 leather armour "Koesejuu" {rF+}
  5740 | D:5      | Found a radiant altar of Vehumet.
  5741 | D:5      | Found a burning altar of Makhleb.
  5747 | D:5      | Became a worshipper of Vehumet
  5902 | D:5      | Reached skill level 9 in Spellcasting
  6145 | D:6      | Found a hide-covered altar of Uskayaw.
  6174 | D:6      | Found a glowing silver altar of Zin.
  6227 | D:6      | Reached XP level 8. HP: 38/44 MP: 8/23
  6252 | D:6      | Found a shadowy altar of Dithmenos.
  6262 | D:6      | Found a glowing drain.
  6286 | Sewer    | Entered a sewer
  6664 | Sewer    | Reached * piety under Vehumet
  6664 | Sewer    | Offered knowledge of Shock by Vehumet.
  6665 | Sewer    | Reached skill level 5 in Conjurations
  7321 | D:6      | Learned a level 1 spell: Shock
  7352 | D:6      | Reached skill level 10 in Spellcasting
  7573 | D:6      | Reached skill level 11 in Spellcasting
  7661 | D:6      | Reached XP level 9. HP: 40/48 MP: 15/26
  7893 | D:6      | Noticed a two-headed ogre
  7896 | D:6      | Killed a two-headed ogre
  7896 | D:6      | Reached ** piety under Vehumet
  7897 | D:6      | Reached skill level 12 in Spellcasting
  8276 | D:7      | Offered knowledge of Foxfire by Vehumet.
  8287 | D:7      | Learned a level 1 spell: Foxfire
  8348 | D:7      | Found a staircase to the Ecumenical Temple.
  8702 | D:7      | Reached skill level 13 in Spellcasting
  9348 | D:8      | Found a runed translucent gate.
  9348 | D:8      | Found a runed translucent gate.
  9348 | D:8      | Found a runed translucent gate.
  9361 | D:8      | Slain by a wight

Illustrated notes

Levels and vault maps discovered:
D:1:      saegor_arrival_simple_d, layout_basic
D:2:      layout_loops_corners
D:3:      layout_loops_ring, ebering_ghost_sewer_f
D:4:      layout_gridville, grunt_ministairs_2, kennysheep_small_spiral
D:5:      layout_basic, grunt_temple_overflow_lords_of_destruction,
          serial_shops, shop
D:6:      layout_rooms, mainiacjoe_overflow_alcove_2,
          mainiacjoe_overflow_catch_the_wave, portal_sewer_entry_f
D:7:      layout_basic, minmay_temple_entry_slanted, kennysheep_generic_room_16
D:8:      layout_rooms, mainiacjoe_overflow_concentric_impassable,
          david_lair_shrubbed, ebering_ghost_gozag

Skill      XL: |  1  2  3  4  5  6  7  8  9 |
---------------+----------------------------+-----
Spellcasting   | 5 6 7 9 11 13 | 13.4
Armour         | 1 2 3 4 |  4.2
Conjurations   | 2 3 4 6 7 |  7.6
Fighting       | 1 2 3 |  3.3
Stealth        | 3 |  3.0
Dodging        | 3 |  3.1
Evocations     | 1 |  1.0
Poison Magic   | 1 |  1.0
Air Magic      | 1 |  1.0
Summonings     | |  1.1
Translocations | |  1.1

Action                     |  1- 3 |  4- 6 |  7- 9 || total
---------------------------+-------+-------+-------++-------
  Melee: Dagger            |       |    31 |       ||    31
         Punch             |       |     1 |     2 ||     3
         Whip              |       |    18 |    77 ||    95
   Cast: Magic Dart        |   117 |   126 |   127 ||   370
         Mephitic Cloud    |       |    11 |    13 ||    24
         Call Imp          |       |       |     2 ||     2
         Shock             |       |       |    72 ||    72
         Blink             |       |       |     2 ||     2
         Foxfire           |       |       |    40 ||    40
   Stab: Confused          |       |     3 |     4 ||     7
         Distracted        |       |       |     1 ||     1
         Sleeping          |       |       |     1 ||     1
 Armour: Robe              |    15 |    38 |     1 ||    54
         Leather armour    |       |       |    99 ||    99
  Dodge: Dodged            |    16 |    41 |    98 ||   155

Table legend: (Time is in decaauts)
 A = Elapsed time spent in this place.
 B = Non-inter-level travel time spent in this place.
 C = Inter-level travel time spent in this place.
 D = Time resting spent in this place.
 E = Time spent auto-exploring this place.
 F = Levels seen in this place.
 G = Mean time per level.
                   A        B        C        D        E       F      G
               +--------+--------+--------+--------+--------+-----+--------+
         Total |   9559 |   9320 |    239 |    237 |   7780 |   9 | 1062.1 |
       Dungeon |   8407 |   8168 |    239 |    237 |   6853 |   8 | 1050.9 |
         Sewer |   1152 |   1152 |      0 |      0 |    927 |   1 | 1152.0 |
               +--------+--------+--------+--------+--------+-----+--------+

Top non-repeatable levels by time:
     D:4: 1540 daAuts
     D:1: 1483 daAuts
     D:2: 1249 daAuts
     D:7: 1206 daAuts
   Sewer: 1152 daAuts
     D:6: 1042 daAuts
     D:5: 957 daAuts
     D:3: 915 daAuts
     D:8: 12 daAuts
